 Dungeon Crawl Stone Soup version 0.29.1-13-g9f3cf754e1 (webtiles) character file.

Game seed: 16289416233616540842

2122 Descartes the Covert (level 9, -1/43 HPs)
             Began as a Felid Monk on Jan 28, 2023.
             Succumbed to a gnoll sergeant's poison
             ... on level 7 of the Dungeon.
             The game lasted 00:11:11 (9862 turns).

Descartes the Covert (Felid Monk)                   Turns: 9862, Time: 00:11:12

Health: -1/43      AC:  2    Str: 11    XL:     9   Next: 8%
Magic:  9/9        EV: 24    Int: 12    God:
Gold:   373        SH:  0    Dex: 18    Spells: 6/8 levels left
                                        Lives:  0   Deaths: 2

rFire   . . .      SeeInvis +     - Unarmed
rCold   + . .      Faith    .   (shield unavailable)
rNeg    . . .      Spirit   .   (body armour unavailable)
rPois   .          Reflect  .   (helmet unavailable)
rElec   .          Harm     .   (cloak unavailable)
rCorr   .          Rampage  .   (gloves unavailable)
Will    +....                   (boots unavailable)
Stlth   +++++.....              (no amulet)
HPRegen 0.94/turn               (no ring)
MPRegen 0.11/turn               (no ring)

@: lethally poisoned (-1 -> -19), quick
A: very small, claws 1, fangs 3, see invisible, speed 1, shaggy fur 2, stealthy
paws, no weapons or thrown items, no armour, multi-lived, cold resistance 1, low
MP 1, regeneration 1, screaming 1
a: no special abilities


You were on level 7 of the Dungeon.
You visited 1 branch of the dungeon, and saw 7 of its levels.

You collected 373 gold pieces.

Inventory:

Jewellery
 w - a ring of poison resistance
Wands
 o - a wand of roots (10)
 s - a wand of flame (37)
Scrolls
 c - 2 scrolls of magic mapping
 h - 2 scrolls of vulnerability
 i - a scroll of noise {unknown}
 j - 5 scrolls of teleportation
 k - 5 scrolls of identify
 l - a scroll of acquirement {unknown}
 q - a scroll of enchant weapon {unknown}
 r - a scroll of torment {unknown}
 u - 2 scrolls of immolation {unknown}
 v - a scroll of poison {unknown}
Potions
 a - a potion of ambrosia
 b - 2 potions of curing
 d - a potion of mutation
 e - a potion of might {unknown}
 f - 2 potions of lignification
 g - 2 potions of flight {unknown}
 m - 3 potions of haste {unknown}
 n - 2 potions of degeneration {unknown}
 p - 3 potions of magic {unknown}
 t - 2 potions of brilliance {unknown}
 x - a potion of attraction {unknown}


   Skills:
 + Level 7.5 Fighting
 + Level 9.7 Dodging
 + Level 10.1 Stealth
 + Level 7.5 Unarmed Combat
 - Level 5.0 Hexes


You had 6 spell levels left.
You knew the following spells:

 Your Spells              Type           Power      Damage    Failure   Level
a - Ensorcelled Hibernat  Hex/Ice        12%        N/A       19%         2

Your spell library contained the following spells:

 Spells                   Type           Power      Damage    Failure   Level
 Magic Dart               Conj           0%         1d3       32%         1
 Summon Guardian Golem    Hex/Summ       6%         N/A       34%         3
 Passwall                 Tmut/Erth      0%         N/A       45%         2
 Searing Ray              Conj           0%         2d4       45%         2
 Swiftness                Air            0%         N/A       69%         3
 Fulminant Prism          Conj/Hex       3%         3d6       75%         4
 Orb of Destruction       Conj           0%         9d5       100%        7
 Spellforged Servitor     Conj/Summ      0%         N/A       100%        7


Dungeon Overview and Level Annotations

Branches:
Dungeon (7/15)
 Temple: D:4-7

Altars:
Qazlal
Uskayaw
Yredelemnul
The Shining One

Shops:
D:5 *

Annotations:
D:3 Terence
D:6 2 transporters


Innate Abilities, Weirdness & Mutations

You have sharp claws.
You have razor-sharp teeth.
You have supernaturally acute eyesight. (SInv)
You cover ground quickly. (Speed+)
You are covered in thick fur. (AC +2)
Your paws help you pounce on unaware monsters.
You are incapable of wielding weapons or throwing items.
You cannot wear armour.
You gain extra lives every three experience levels.
Your flesh is cold resistant. (rC+)
Your magical capacity is low. (-10% MP)
Your natural rate of healing is unusually fast.
You occasionally shout uncontrollably at your foes.


Message History

No target in view!
No target in view!
No target in view!
No target in view!
No target in view!
No target in view!
No target in view!
HP restored.
b - 2 potions of curing (gained 1)
Items here: )) [ ††.
There is a stone staircase leading down, spattered with blood here.
You climb downwards.
There is a stone staircase leading up here.
No target in view!
The gnoll sergeant hits you from afar with a +0 spear of venom!
You are poisoned.
The gnoll shouts!
You feel very sick.
The gnoll sergeant hits you with a +0 spear of venom!
You are lethally poisoned!
You are too injured to fight recklessly!
You are too injured to fight recklessly!
You are too injured to fight recklessly!
You are too injured to fight recklessly!
You are too injured to fight recklessly!
You are too injured to fight recklessly!
You are too injured to fight recklessly!
You are too injured to fight recklessly!
You are too injured to fight recklessly!
You are too injured to fight recklessly!
You are too injured to fight recklessly!
You are too injured to fight recklessly!
You are too injured to fight recklessly!
* * * LOW HITPOINT WARNING * * *
You feel extremely sick.
The gnoll sergeant hits you from afar with a +0 spear of venom.
* * * LOW HITPOINT WARNING * * *
* * * LOW HITPOINT WARNING * * *
You feel very sick.
You die...

#.#######.# #.# ##.#
#.#######)########.# ####
#...)....).........# #.#
#...).....########.# #.##
#..######## #.# #.## #..# #.#
#.## ##..# ##### ##.##########)##
....#######...####.............##
###.##.......gg.@.<.........#####
###.##.####...##.......####.#####
....##.# ##g##..................
###.##.# #.###...............##
#....# #.# ##.....#####.##.##
####.#####.# ##....# #.##.##
#.......# ##.#.# #......
####g#.## ###.# ###..#.##
#.#.#########.###....#.#


You could see a gnoll sergeant and a gnoll.

Vanquished Creatures
  Pikel (D:6)
  Maggie (D:7)
  A troll (D:6)
  2 water moccasins
  Duvessa (D:6)
  An orc warrior (D:6)
  2 ice beasts (D:5)
  3 sky beasts
  A black bear (D:4)
  A centaur (D:7)
  2 lemures (D:7)
  3 phantoms
  A kobold brigand (D:7)
  2 bullfrogs (D:7)
  6 scorpions
  3 necrophages
  Dowan (D:7)
  5 wights (D:7)
  A howler monkey (D:7)
  2 hounds
  An orc priest (D:6)
  A gnoll bouda (D:6)
  2 iguanas (D:5)
  An orc wizard (D:7)
  6 gnolls
  6 adders
  A shadow imp (D:7)
  2 worms
  2 dart slugs
  7 orcs
  8 endoplasms
  2 giant cockroaches
  7 goblins
  8 hobgoblins
  8 jackals
  4 quokkas
  4 ball pythons
  2 bats (D:3)
  A frilled lizard (D:1)
  12 kobolds
  10 rats
135 creatures vanquished.

Notes
Turn   | Place    | Note
-------+----------+-------------------------------------------
     0 | D:1      | Descartes the Felid Monk began the quest for the Orb.
     0 | D:1      | Reached XP level 1. HP: 10/10 MP: 2/2
   213 | D:1      | Reached skill level 3 in Stealth
   329 | D:1      | Reached XP level 2. HP: 14/14 MP: 3/3
  1185 | D:1      | Reached XP level 3. HP: 17/17 MP: 4/4
  1540 | D:2      | Found a faded altar of an unknown god.
  1878 | D:2      | Prayed at the altar of an unknown god.
  1878 | D:2      | Became a worshipper of the Shining One
  1878 | D:2      | Reached * piety under the Shining One
  1878 | D:2      | Reached ** piety under the Shining One
  1879 | D:2      | Fell from the grace of the Shining One
  2042 | D:2      | Identified the +2 sling of the Real Monster {venom, rF++
                  | MP-9 Str+8}
  2335 | D:3      | Noticed Terence
  2337 | D:3      | Found a basalt altar of Yredelemnul.
  2337 | D:3      | Found a hide-covered altar of Uskayaw.
  3107 | D:3      | Noticed a phantom
  3131 | D:3      | Killed a phantom
  3132 | D:3      | Reached skill level 5 in Dodging
  3132 | D:3      | Reached skill level 4 in Stealth
  3132 | D:3      | Reached XP level 4. HP: 8/22 MP: 5/5
  3132 | D:3      | Reached XP level 5. HP: 9/25 MP: 6/6
  3827 | D:4      | Noticed a black bear
  3836 | D:4      | Killed a black bear
  3837 | D:4      | Reached skill level 5 in Stealth
  4664 | D:4      | Gained mutation: You are covered in thick fur. (AC +2)
                  | [Felid growth]
  4664 | D:4      | Reached XP level 6. HP: 20/29 MP: 7/7
  5008 | D:5      | Entered Level 5 of the Dungeon
  5173 | D:5      | Reached skill level 6 in Stealth
  5173 | D:5      | Reached XP level 7. HP: 33/33 MP: 8/8
  5304 | D:5      | Reached skill level 5 in Fighting
  5304 | D:5      | Reached skill level 5 in Unarmed Combat
  5537 | D:5      | Found Qihyhaet's Fire Supplies.
  6246 | D:5      | Gained mutation: Your magical capacity is low. (-10% MP)
                  | [potion of mutation]
  6246 | D:5      | Gained mutation: Your magical capacity is very low. (-20%
                  | MP) [potion of mutation]
  6246 | D:5      | Gained mutation: You possess an exceptional clarity of
                  | mind. [potion of mutation]
  6246 | D:5      | Gained mutation: You are partially covered in iridescent
                  | scales. (AC +2) [potion of mutation]
  6261 | D:5      | Reached skill level 7 in Stealth
  6303 | D:5      | Reached XP level 8. HP: 32/37 MP: 7/7
  6367 | D:6      | Found a transporter.
  6579 | D:6      | Noticed a kobold demonologist
  6585 | D:6      | Found a transporter.
  6616 | D:6      | Noticed a troll
  7164 | D:6      | Reached skill level 8 in Stealth
  7498 | D:6      | Learned a level 2 spell: Ensorcelled Hibernation
  7572 | D:6      | HP: 1/38 [troll (10)]
  7955 | D:6      | Found a stormy altar of Qazlal.
  8103 | D:6      | Killed a troll
  8600 | D:7      | Noticed Duvessa
  8601 | D:7      | Noticed Dowan
  8605 | D:7      | Killed Dowan
  8606 | D:7      | Reached XP level 9. HP: 42/42 MP: 8/8
  8631 | D:6      | Mangled by Duvessa
  8632 | D:6      | Reached XP level 8. HP: -6/39 MP: 7/7
  8703 | D:6      | Lost mutation: You are partially covered in iridescent
                  | scales. (AC +2) [potion of mutation]
  8703 | D:6      | Lost mutation: You possess an exceptional clarity of mind.
                  | [potion of mutation]
  8703 | D:6      | Lost mutation: Your magical capacity is very low. (-20% MP)
                  | [potion of mutation]
  8703 | D:6      | Gained mutation: Your flesh is cold resistant. (rC+)
                  | [potion of mutation]
  8703 | D:6      | Gained mutation: You occasionally shout uncontrollably at
                  | your foes. [potion of mutation]
  8703 | D:6      | Gained mutation: Your natural rate of healing is unusually
                  | fast. [potion of mutation]
  8705 | D:6      | Slain by Duvessa
  8706 | D:6      | Reached XP level 7. HP: -2/35 MP: 7/7
  8718 | D:6      | Killed Duvessa
  8901 | D:7      | Reached skill level 9 in Stealth
  8945 | D:7      | Identified the +6 long sword of Duty {protect, rElec rCorr}
  9003 | D:7      | Reached XP level 8. HP: 39/39 MP: 8/8
  9206 | D:7      | Noticed Maggie
  9230 | D:7      | Killed Maggie
  9577 | D:7      | Reached skill level 5 in Hexes
  9654 | D:7      | Noticed Pikel
  9831 | D:6      | Killed Pikel
  9832 | D:6      | Reached skill level 10 in Stealth
  9832 | D:6      | Reached XP level 9. HP: 26/43 MP: 9/9
  9862 | D:7      | Succumbed to a gnoll sergeant's poison

Illustrated notes

Levels and vault maps discovered:
D:1:      dpeg_arrival_simpleton_a, layout_basic, serial_curves, eino_curves_02,
          eino_curves_04
D:2:      layout_rooms, nicolae_ecumenical_oubliette, roderic_nine_men_s_morris
D:3:      layout_basic, nicolae_overflow_hidden_temple, uniq_terence
D:4:      minmay_angry_zag, layout_gridville, minmay_ruptured
D:5:      minmay_bubble_buster, layout_basic, nicolae_shop_fire_sale
          [nicolae_sub_dead_trees]
D:6:      gammafunk_wand_slinger, layout_basic, marbit_many_paths
D:7:      minmay_inner_zag, layout_loops_ring, temple_hall, serial_glass,
          glass_columns_a, glass_columns_b, uniq_maggie, uniq_duvessa,
          uniq_pikel

Skill      XL: |  1  2  3  4  5  6  7  8 |
---------------+-------------------------+-----
Stealth        | 3 4 5 6 9 10 | 10.1
Dodging        | 5 6 7 9 |  9.7
Fighting       | 4 5 7 |  7.5
Unarmed Combat | 4 5 7 |  7.5
Hexes          | 3 5 |  5.0

Action                   |  1- 3 |  4- 6 |  7- 9 || total
-------------------------+-------+-------+-------++-------
Melee: Unarmed           |   138 |   102 |   334 ||   574
       Bite              |    13 |    11 |    41 ||    65
       Punch             |     5 |     4 |    13 ||    22
Invok: Renounce Religion |     1 |       |       ||     1
Evoke: Wand              |       |       |    12 ||    12
  Use: Potion            |       |       |     6 ||     6
       Scroll            |       |       |     3 ||     3
 Stab: Sleeping          |    13 |     4 |    11 ||    28
       Distracted        |     1 |     1 |     3 ||     5
Armor: Skin              |     4 |    11 |    29 ||    44
Dodge: Dodged            |    97 |    90 |   330 ||   517
